 Dungeon Crawl Stone Soup version 0.31-a0-236-g9a0961fb85 (webtiles) character file.

Game seed: 9692768405866561839

826 qw the Shooter (level 7, 0/43 HPs)
             Began as a Gargoyle Hexslinger on July 10, 2023.
             Slain by a water moccasin (3 damage)
             ... on level 8 of the Dungeon.
             The game lasted 00:01:24 (3471 turns).

qw the Shooter (Gargoyle Hexslinger)                Turns: 3471, Time: 00:01:25

Health: 0/43       AC: 14    Str: 12      XL:     7   Next: 96%
Magic:  8/8        EV: 11    Int: 12 (13) God:
Gold:   226        SH:  5    Dex: 20      Spells: 7/8 levels left

rFire   + . .        a - +4 sling (heavy)
rCold   . . .        (no shield)
rNeg    + . .        e - +2 ring mail {rF+}
rPois   inf          (no helmet)
rElec   +            (no cloak)
rCorr   .            (no gloves)
SInv    .            i - +1 pair of boots
Will    .....        b - amulet of reflection
Stlth   +            c - +6 ring of dexterity
HPRegen 0.27/turn    (no ring)
MPRegen 0.11/turn

%: reflection
@: about to teleport
A: sickness immunity, AC +4, negative energy resistance 1, electricity
resistance, torment resistance 1, petrification resistance
a: no special abilities


You were on level 8 of the Dungeon.
You visited 1 branch of the dungeon, and saw 7 of its levels.

You collected 283 gold pieces.
You spent 57 gold pieces at shops.


Innate Abilities, Weirdness & Mutations

You are immune to sickness and miasma.
Your stone body is resilient. (AC +4)
You are immune to poison.
You resist negative energy. (rN+)
You are resistant to electric shocks. (rElec)
You are resistant to unholy torment.
You are immune to petrification.


   Skills:
 - Level 4.1 Fighting
 + Level 7.7 Ranged Weapons
 - Level 1.0 Armour
 - Level 2.0 Dodging
 - Level 1.0 Spellcasting
 - Level 2.6 Hexes


You had 7 spell levels left.
You knew the following spells:

 Your Spells              Type           Power      Damage    Failure   Level
a - Slow                  Hex            28%        N/A       22%         1

Your spell library contained the following spells:

 Spells                   Type           Power      Damage    Failure   Level
 Inner Flame              Hex/Fire       3%         N/A       75%         3
 Portal Projectile        Hex/Tloc       6%         N/A       75%         3
 Cause Fear               Hex            3%         N/A       92%         4

Inventory:

Hand Weapons
 a - a +4 heavy sling (weapon)
Armour
 e - a +2 ring mail of fire resistance (worn)
 i - a +1 pair of boots (worn)
Jewellery
 b - an amulet of reflection (around neck)
 c - a +6 ring of dexterity (left hand)
 d - a ring of fire
Scrolls
 j - a scroll of teleportation
Potions
 g - a potion of mutation {unknown}
 h - a potion of curing
 k - a potion of heal wounds {unknown}
 l - a potion of attraction {unknown}
 m - a potion of enlightenment {unknown}

Dungeon Overview and Level Annotations

Branches:
Dungeon (8/15)
 Temple: D:4-7         Lair: D:8-11

Altars:
Dithmenos
Elyvilon
Qazlal
Vehumet
Zin
The Shining One

Shops:
D:5 *

Annotations:
D:4 3 runed translucent doors, qw's ghost, amateur MiHs


Message History

The sling bullet hits the wight!
The wight is heavily damaged.
You block the killer bee's attack. The killer bee closely misses you.
The killer bee stings you but does no damage. x2
The water moccasin bites you but does no damage.
The killer bee stings you but does no damage.
The killer bee stings you.
An orc wizard comes into view. It is wielding a +0 dagger.
The orc hits you but does no damage. You block the orc wizard's attack.
The water moccasin closely misses you. The killer bee stings you.
The killer bee stings you but does no damage.
The orc misses you.
The orc wizard moves out of view.
You shoot a sling bullet. The sling bullet hits the killer bee!
You kill the killer bee!
The water moccasin closely misses you.
The killer bee stings you but does no damage.
The killer bee stings you.
The water moccasin bites you but does no damage.
The orc wizard hits you with a +0 dagger.
You block the orc's attack.
The killer bee stings you but does no damage.
The killer bee closely misses you. The water moccasin bites you.
You feel your strength returning.
You shoot a sling bullet. The sling bullet hits the orc wizard!
The orc wizard is almost dead.
You block the killer bee's attack.
The killer bee stings you but does no damage.
The killer bee closely misses you. You block the killer bee's attack.
The orc wizard casts a spell.
The orc wizard flickers and vanishes!
The orc closely misses you.
The water moccasin bites you but does no damage.
An orc comes into view. It is wielding a +0 mace.
The killer bee stings you. x2; Something hits you but does no damage.
The orc hits you but does no damage.
The water moccasin bites you but does no damage.
3471 ||| READING 2 scrolls of teleportation.
As you read the scroll of teleportation, it crumbles to dust.
You feel strangely unstable.
The killer bee closely misses you. x2; The water moccasin bites you.
You die...

}. #.# . #o# ..
}.# ... 7#7#.#
.... ##.#.#
..... #.}.#
.....o##{#.#
.....oy@#.....#
.....zSyo.......
......zz...#<...
####.#..........
.....##.......
###).. .......
.#. ...... ....
######


You could see a water moccasin, 2 killer bees, 3 wights and 4 orcs.

Vanquished Creatures
  A centaur (D:5)
  2 bullfrogs
  2 scorpions
  A killer bee (D:8)
  A hound (D:4)
  2 jellies
  A gnoll bouda (D:5)
  Jessica (D:2)
  3 iguanas
  10 gnolls
  3 adders
  A white imp (D:5)
  An ufetubus (D:6)
  2 worms
  2 dart slugs
  6 orcs
  5 ball pythons
  5 endoplasms
  A giant cockroach (D:4)
  9 goblins
  10 hobgoblins
  2 quokkas
  5 bats
  4 frilled lizards
  9 kobolds
  6 rats
95 creatures vanquished.

Notes
Turn   | Place    | Note
-------+----------+-------------------------------------------
     0 | D:1      | qw the Gargoyle Hexslinger began the quest for the Orb.
     0 | D:1      | Reached XP level 1. HP: 12/12 MP: 2/2
     0 | D:1      | 0 ||| qw: Version: 0.3-a-52-g30416fa
     0 | D:1      | 0 ||| qw: Game counter: 4674
     0 | D:1      | 0 ||| qw: Melee chars always use a shield: true
     0 | D:1      | 0 ||| qw: God list: Okawaru
     0 | D:1      | 0 ||| qw: Allow faded altars: false
     0 | D:1      | 0 ||| qw: Do Orc after clearing Dungeon:15 true
     0 | D:1      | 0 ||| qw: Do second Lair branch before Depths: true
     0 | D:1      | 0 ||| qw: Lair rune preference: random
     0 | D:1      | 0 ||| qw: Goals: Normal
     0 | D:1      | 0 ||| PLANNING D:1-11
    15 | D:1      | 15 ||| FLEEEEING.
    16 | D:1      | 16 ||| FLEEEEING.
    20 | D:1      | 20 ||| FLEEEEING.
    21 | D:1      | 21 ||| FLEEEEING.
    22 | D:1      | 22 ||| FLEEEEING.
    23 | D:1      | 23 ||| FLEEEEING.
    70 | D:1      | Reached XP level 2. HP: 16/16 MP: 3/3
   119 | D:1      | Reached skill level 3 in Ranged Weapons
   422 | D:1      | Reached XP level 3. HP: 20/20 MP: 4/4
   731 | D:1      | Found a faded altar of an unknown god.
   858 | D:1      | 858 ||| UPGRADING to +2 ring mail of fire resistance.
   868 | D:1      | 868 ||| DROPPING +0 robe.
   869 | D:1      | 869 ||| UPGRADING to +0 pair of boots.
   874 | D:1      | 874 ||| READING 3 scrolls labelled NIDOQEUNUR.
   888 | D:1      | 888 ||| READING scroll labelled XOESKI UKLIB.
   889 | D:1      | 889 ||| DROPPING 2 scrolls of torment.
   890 | D:1      | 890 ||| DROPPING scroll of poison.
  1041 | D:2      | Reached skill level 1 in Armour
  1137 | D:2      | Noticed Jessica
  1141 | D:2      | Killed Jessica
  1142 | D:2      | Reached XP level 4. HP: 26/26 MP: 5/5
  1297 | D:2      | Reached skill level 4 in Ranged Weapons
  1424 | D:2      | 1424 ||| UPGRADING to amulet of reflection.
  1429 | D:2      | 1429 ||| READING scroll labelled XOIBIFYERGH.
  1430 | D:2      | 1430 ||| READING scroll labelled CETZEAD DARUH.
  1431 | D:2      | 1431 ||| READING scroll labelled MOAS SEANETANT.
  1432 | D:2      | 1432 ||| READING 2 scrolls labelled QILEUCH HOVYSS.
  1435 | D:2      | 1435 ||| READING scroll labelled SYHESUOROLL.
  1436 | D:2      | 1436 ||| READING scroll labelled JYFRAT QUHE.
  1437 | D:2      | 1437 ||| READING scroll labelled POPPANTEPP.
  1650 | D:3      | 1650 ||| READING scroll of enchant armour.
  1650 | D:3      | 1650 ||| ENCHANTING +0 pair of boots.
  2142 | D:3      | 2142 ||| DROPPING amulet of magic regeneration.
  2143 | D:3      | 2143 ||| READING scroll labelled TODADDATEI.
  2144 | D:3      | 2144 ||| READING scroll labelled UNYRYI HETZE.
  2185 | D:4      | Noticed a bullfrog
  2189 | D:4      | 2189 ||| STAIRDANCE
  2193 | D:3      | Killed a bullfrog
  2194 | D:3      | Reached skill level 5 in Ranged Weapons
  2194 | D:3      | Reached XP level 5. HP: 28/30 MP: 6/6
  2210 | D:4      | Found a runed translucent gate.
  2211 | D:4      | Found a runed translucent gate.
  2211 | D:4      | Found a runed translucent gate.
  2213 | D:4      | Noticed qw's ghost (amateur MiHs)
  2235 | D:4      | 2235 ||| READING 3 scrolls of enchant weapon.
  2235 | D:4      | 2235 ||| ENCHANTING +1 heavy sling.
  2236 | D:4      | 2236 ||| READING 2 scrolls of enchant weapon.
  2236 | D:4      | 2236 ||| ENCHANTING +2 heavy sling.
  2237 | D:4      | 2237 ||| READING scroll of enchant weapon.
  2237 | D:4      | 2237 ||| ENCHANTING +3 heavy sling.
  2365 | D:4      | Reached skill level 3 in Fighting
  2424 | D:4      | Reached XP level 6. HP: 37/37 MP: 7/7
  2585 | D:4      | Found a shadowy altar of Dithmenos.
  2683 | D:4      | Reached skill level 6 in Ranged Weapons
  2882 | D:4      | 2882 ||| UPGRADING to +6 ring of dexterity.
  2883 | D:4      | 2883 ||| DRINKING 2 fuming pink potions.
  2884 | D:4      | 2884 ||| DROPPING potion of degeneration.
  2904 | D:5      | Entered Level 5 of the Dungeon
  2908 | D:5      | Reached XP level 7. HP: 42/42 MP: 8/8
  2911 | D:5      | Found a glowing silver altar of Zin.
  2911 | D:5      | Found a white marble altar of Elyvilon.
  2912 | D:5      | Found a glowing golden altar of the Shining One.
  2934 | D:5      | Found a stormy altar of Qazlal.
  2973 | D:5      | Reached skill level 7 in Ranged Weapons
  3103 | D:5      | Found Iruvvy Unwo's Assorted Antiques.
  3108 | D:5      | 3108 ||| FLEEEEING.
  3109 | D:5      | 3109 ||| FLEEEEING.
  3110 | D:5      | 3110 ||| FLEEEEING.
  3117 | D:5      | 3117 ||| FLEEEEING.
  3228 | D:5      | Found a radiant altar of Vehumet.
  3242 | D:5      | 3242 ||| BUYING bubbling cyan potion (19 gold).
  3242 | D:5      | Bought a bubbling cyan potion for 19 gold pieces
  3242 | D:5      | 3242 ||| BUYING bubbling emerald potion (19 gold).
  3242 | D:5      | Bought a bubbling emerald potion for 19 gold pieces
  3242 | D:5      | 3242 ||| BUYING metallic coppery potion (19 gold).
  3242 | D:5      | Bought a metallic coppery potion for 19 gold pieces
  3391 | D:5      | 3391 ||| READING scroll labelled HIODYUTARY.
  3392 | D:5      | 3392 ||| DRINKING 2 bubbling emerald potions.
  3393 | D:5      | 3393 ||| DRINKING 2 bubbling cyan potions.
  3394 | D:5      | 3394 ||| DROPPING potion of brilliance.
  3458 | D:6      | You fall into a shaft and drop 2 floors!
  3462 | D:8      | 3462 ||| FLEEEEING.
  3470 | D:8      | HP: 8/43 [killer bee (4)]
  3470 | D:8      | HP: 3/43 [killer bee (5)]
  3471 | D:8      | 3471 ||| READING 2 scrolls of teleportation.
  3471 | D:8      | Slain by a water moccasin

Levels and vault maps discovered:
D:1:      dpeg_arrival_simpleton_c, layout_loops_corners,
          nicolae_ecumenical_lake_church, minmay_misc_feat_rugged
D:2:      layout_rooms, minivault_4, chequers_serial_rivers_micro_b,
          uniq_jessica
D:3:      layout_basic, nicolae_kite_square_tiling_tiny
D:4:      layout_basic, mainiacjoe_overflow_alcove_1, ebering_ghost_rock_garden
D:5:      layout_rooms, good_gods_temple_1, mainiacjoe_overflow_catwalk,
          nicolae_qazlal_general_emergency, serial_shops,
          nicolae_shop_hallway_plus
D:6:      layout_loops_cross, lemuel_tele_altar, evilmike_ruin_ashenzari,
          minitemple, mainiacjoe_overflow_boulevard, minmay_temple_entry_arrows
D:8:      layout_rooms, ploomutoo_gammafunk_ghost_potion_laboratory,
          chequers_decorated_corner, grunt_decor_mini_mirrors, uniq_joseph

Skill      XL: |  1  2  3  4  5  6  7 |
---------------+----------------------+-----
Ranged Weapons | 3 5 6 7 |  7.7
Fighting       | 2 3 4 |  4.1
Armour         | 1 |  1.0
Dodging        | 2 |  2.0
Spellcasting   | |  1.0
Hexes          | |  2.6

Action                     |  1- 3 |  4- 6 |  7- 9 || total
---------------------------+-------+-------+-------++-------
   Fire: Sling             |    75 |   119 |    59 ||   253
    Use: Scroll            |     2 |    13 |     2 ||    17
         Potion            |       |     1 |     2 ||     3
 Armour: Robe              |     3 |       |       ||     3
         Ring mail         |     3 |    45 |    59 ||   107
  Dodge: Dodged            |    16 |    34 |    56 ||   106
  Block: Other             |       |    19 |    26 ||    45
         Reflection        |       |     1 |       ||     1

Table legend:
 A = Non-vault XP
 B = Vault XP
 C = Vault XP percentage of total XP
 D = Non-vault monster count
 E = Vault monster count
 F = Vault count percentage of total count
                 A         B        C        D         E       F
            +---------+---------+-------+---------+---------+-------
      Total |    1144 |      37 |   3.1 |      94 |       1 |   1.1
            +---------+---------+-------+---------+---------+-------
        D:1 |      40 |       0 |   0.0 |      18 |       0 |   0.0
        D:2 |      40 |      37 |  48.1 |      17 |       1 |   5.6
        D:3 |     128 |       0 |   0.0 |      17 |       0 |   0.0
        D:4 |     299 |       0 |   0.0 |      21 |       0 |   0.0
        D:5 |     415 |       0 |   0.0 |      13 |       0 |   0.0
        D:6 |      63 |       0 |   0.0 |       6 |       0 |   0.0
        D:8 |     159 |       0 |   0.0 |       2 |       0 |   0.0
            +---------+---------+-------+---------+---------+-------
